[Event "Early-Titled-Tuesday-Blitz-April-02-2024"]
[Site "Chess.com"]
[Date "2024.04.02"]
[Round "2"]
[White "bilelou"]
[Black "visa"]
[Result "1-0"]
[WhiteElo "2654"]
[BlackElo "2375"]
[TimeControl "180+1"]
[EndTime "8:16:07 PDT"]
[Termination "bilelou won by checkmate"]

1. e4 d6 2. d4 Nf6 3. Nc3 e5 4. Nf3 exd4 5. Nxd4 Be7 6. Bd3 O-O 7. O-O c6 8. Re1 b5 9. a3 a6 10. h3 Qc7 11. Bf4 Re8 12. Qf3 Bb7 13. Nf5 Bf8 14. Rad1 Nbd7 15. Be2 Ne5 16. Qg3 Rad8 17. Bg5 Re6 18. Nd4 Rde8 19. Nxe6 Rxe6 20. f4 Ned7 21. Bf3 c5 22. Nd5 Bxd5 23. exd5 Rxe1+ 24. Rxe1 c4 25. Kh1 Qc5 26. f5 Nxd5 27. Re8 f6 28. Bh6 Kf7 29. Bh5+ g6 30. Bxg6+ hxg6 31. Qxg6# 1-0

[Event "Early-Titled-Tuesday-Blitz-April-02-2024"]
[Site "Chess.com"]
[Date "2024.04.02"]
[Round "2"]
[White "Knightmare1014"]
[Black "Tugrik1969"]
[Result "0-1"]
[WhiteElo "2341"]
[BlackElo "2553"]
[TimeControl "180+1"]
[EndTime "8:16:08 PDT"]
[Termination "Tugrik1969 won by resignation"]

1. e4 c5 2. Nf3 d6 3. Bb5+ Nd7 4.
c3 Nf6 5. Qe2 a6 6. Ba4 e6 7. O-O Be7 8. d4 O-O 9. Bc2 e5 10. Rd1 Qc7 11. Bd3 Re8 12. Nbd2 Bf8 13. Nf1 exd4 14. cxd4 cxd4 15. Nxd4 d5 16. f3 dxe4 17.
fxe4 Bc5 18. Be3 Qb6 19. Nf5 g6 20. N5g3 Ne5 21. Kh1 Bg4 22. Qf2 Bxd1 23. Bxc5 Nxd3 24. Bxb6 Nxf2+ 25. Bxf2 Rad8 26. Ne3 Ba4 27. b3 Bc6 28.
Nc4 Nxe4 29. Nxe4 Rxe4 30. Bb6 Rde8 31. h3 Re1+ 32. Rxe1 Rxe1+ 33. Kh2 Re2 34. Ne3 Rxa2 35. Kg3 Rb2 36. Ng4 Rxb3+ 37. Kf4 Rxb6 38. Ke5 a5 39.
Nf6+ Kh8 40. Ng4 a4 41. Kd4 a3 42. Kc5 Rb5+ 43. Kc4 a2 0-1

[Event "Early-Titled-Tuesday-Blitz-April-02-2024"]
[Site "Chess.com"]
[Date "2024.04.02"]
[Round "2"]
[White "Azerichess"]
[Black "Mikasinski"]
[Result "1-0"]
[WhiteElo "3030"]
[BlackElo "2644"]
[TimeControl "180+1"]
[EndTime "8:16:09 PDT"]
[Termination "Azerichess won by resignation"]

1. d4 Nf6 2. Nf3 e6 3. c4 d5 4. g3 Be7 5. Bg2 O-O 6. O-O dxc4 7. Qa4 Bd7 8. Qxc4 Bc6 9. Nc3 Nbd7 10. Qd3 a6 11. Rd1 b5 12. a3 Rb8 13. e4 a5 14.
d5 Nc5 15. Qc2 exd5 16. exd5 Ba8 17. Nd4 b4 18. axb4 axb4 19. Nc6 Bxc6 20. dxc6 Qc8 21.
Nd5 Nxd5 22. Bxd5 b3 23. Qc4 Qf5 24. Bf4 Ne6 25. Bxe6 fxe6 26. Re1 Kh8 27. Qxe6 Qxe6 28. Rxe6 Bf6 29. Bxc7 Bxb2 30. Rb1 Rbc8 31. Bd6 Rf6 32. Rxf6 Bxf6 33. Rxb3 h5 34. c7 1-0

[Event "Early-Titled-Tuesday-Blitz-April-02-2024"]
[Site "Chess.com"]
[Date "2024.04.02"]
[Round "2"]
[White "Mariia89"]
[Black "djano"]
[Result "0-1"]
[WhiteElo "2279"]
[BlackElo "2671"]
[TimeControl "180+1"]
[EndTime "8:16:11 PDT"]
[Termination "djano won by resignation"]

1. d4 Nf6 2. Nf3 g6 3. c4 Bg7 4. Nc3 O-O 5. e4 d6 6. Be2 c5 7. O-O cxd4 8. Nxd4 Nc6 9. f3 Nxd4 10. Qxd4 Be6 11.
Qd3 Rc8 12. b3 a6 13. Be3 b5 14. cxb5 Ng4 15. Bd4 Ne5 16. Qd2 axb5 17. Bxb5 Qa5 18. Ba4 Nc4 19. bxc4 Bxd4+ 20. Qxd4 Rxc4 21. Qf2 Rxc3 22. Bd1 Rfc8 23. h4 h5 24. Qd2 Qc5+ 25. Kh2 Qe5+ 26.
g3 Ra3 27. Rf2 Qxa1 28. f4 Rxa2 0-1

[Event "Early-Titled-Tuesday-Blitz-April-02-2024"]
[Site "Chess.com"]
[Date "2024.04.02"]
[Round "2"]
[White "zsizsi99"]
[Black "scarabee43"]
[Result "0-1"]
[WhiteElo "2501"]
[BlackElo "2819"]
[TimeControl "180+1"]
[EndTime "8:16:13 PDT"]
[Termination "scarabee43 won by checkmate"]

1. e4 c5 2. Nf3 e6 3. d4 cxd4 4. Nxd4 Nc6 5. Nc3 Qc7 6. Qd3 Nf6 7. Ndb5 Qb8 8. Qg3 d6 9. Be3 a6 10. Nd4 Bd7 11. f3 Ne5 12. O-O-O b5 13. f4 Neg4 14.
Bg1 h5 15. h3 b4 16. hxg4 bxc3 17. Qxc3 Nxe4 18. Qe3 d5 19. Rxh5 Rxh5 20. gxh5 Bd6 21. Bh2 Qb6 22. h6 gxh6 23. Bg1 Rb8 24. Nb3 Qc7 25. Bh2 a5 26. Bd3 a4 27. Nd2 Qc3 28.
Nb3 axb3 29. bxc3 b2+ 30. Kb1 Nxc3# 0-1

[Event "Early-Titled-Tuesday-Blitz-April-02-2024"]
[Site "Chess.com"]
[Date "2024.04.02"]
[Round "2"]
[White "trriinu"]
[Black "vladoboch"]
[Result "1-0"]
[WhiteElo "2302"]
[BlackElo "2508"]
[TimeControl "180+1"]
[EndTime "8:16:16 PDT"]
[Termination "trriinu won by resignation"]

1. e4 c5 2. Nf3 Nc6 3. Bb5 e6 4.
O-O Nge7 5. c3 a6 6. Be2 d5 7. exd5 Nxd5 8. d4 cxd4 9. Nxd4 Bd7 10. Bf3 Nxd4 11. Qxd4 Bc6 12. Nd2 Be7 13. Qxg7 Bf6 14. Qh6 Bg5 15. Qg7 Bf6 16. Qh6 Rg8 17. Ne4 Rg6 18. Qxh7 Bg7 19. Bh5 Rxg2+ 20. Kxg2 Nf6 21. Qxg7 Bxe4+ 22. f3 1-0

[Event "Early-Titled-Tuesday-Blitz-April-02-2024"]
[Site "Chess.com"]
[Date "2024.04.02"]
[Round "2"]
[White "Alen_Yeremyann"]
[Black "fmcabralis"]
[Result "1-0"]
[WhiteElo "2818"]
[BlackElo "2402"]
[TimeControl "180+1"]
[EndTime "8:16:18 PDT"]
[Termination "Alen_Yeremyann won by resignation"]

1. e4 c5 2. Nc3 Nc6 3. Bb5 Nd4 4. Bc4 e6 5. Nge2 Nf6 6. O-O d5 7. exd5 exd5 8. Nxd5 Nxd5 9. Nxd4 cxd4 10. Qh5 Be6 11. Re1 Be7 12. Rxe6 O-O 13. Re1 Nf6 14. Qf3 d3 15.
Bxd3 Rc8 16. c3 Re8 17. Bf5 Bd6 18. Rf1 Rc4 19. d4 Qe7 20. Bd3 Rc7 21. Bg5 h6 22. Bd2 Qd7 23. h3 Rcc8 24. Rae1 Rxe1 25. Rxe1 Re8 26.
Rxe8+ Nxe8 27. Qf5 Qxf5 28. Bxf5 Kf8 29. Be4 b6 30. a4 Ke7 31. Bc6 Nc7 32. b4 a5 33.
bxa5 bxa5 34. c4 Bb4 35. Be3 Ne6 36. c5 f5 37. f4 g6 38. g3 Kd8 39. Kf2 Kc7 40. Be8 Bc3 41. d5 Nd4 42. Bxg6 Nc2 43. Bxf5 1-0

[Event "Early-Titled-Tuesday-Blitz-April-02-2024"]
[Site "Chess.com"]
[Date "2024.04.02"]
[Round "2"]
[White "Schattman"]
[Black "Felix-Rose"]
[Result "0-1"]
[WhiteElo "2518"]
[BlackElo "2317"]
[TimeControl "180+1"]
[EndTime "8:16:23 PDT"]
[Termination "Felix-Rose won on time"]

1. Nf3 Nf6 2. b3 c5 3. Bb2 Nc6 4. e3 g6 5. c4 Bg7 6. d4 cxd4 7. Nxd4 O-O 8. Be2 d5 9. Nxc6 bxc6 10. O-O Be6 11. Qc2 a5 12. Nc3 Bf5 13. Qc1 Ne4 14. Nxe4 Bxb2 15. Qxb2 Bxe4 16. Rfd1 Qb6 17. Qe5 e6 18. h4 a4 19. h5 Qb8 20. Qc3 e5 21. f3 Bf5 22. g4 d4 23. Qe1 Bc2 24.
Rd2 axb3 25. axb3 Rxa1 26. Qxa1 Qxb3 27. Qc1 Qxe3+ 28. Kf1 d3 0-1

[Event "Early-Titled-Tuesday-Blitz-April-02-2024"]
[Site "Chess.com"]
[Date "2024.04.02"]
[Round "2"]
[White "Suleyman_Chess06"]
[Black "sathvikadiga"]
[Result "1-0"]
[WhiteElo "2741"]
[BlackElo "2556"]
[TimeControl "180+1"]
[EndTime "8:16:25 PDT"]
[Termination "Suleyman_Chess06 won on time"]

1. Nf3 Nf6 2. g3 g6 3. Bg2 Bg7 4. O-O Kf8 5. d4 d6 6. c4 Kg8 7. Nc3 h6 8. e4 Kh7 9. e5 dxe5 10. Nxe5 Qe8 11. Qb3 c6 12. d5 Nxd5 13. cxd5 Bxe5 14. Re1 Bd6 15. Ne4 Qf8 16. Nxd6 exd6 17. Bf4 h5 18. dxc6 Nxc6 19. Rad1 Ne5 20. Bxe5 dxe5 21. Rxe5 Bg4 22. Rde1 Qg7 23. Re7 Rhf8 24. h3 Bf5 25. Bxb7 Rad8 26. Bd5 Kg8 27. Rxa7 Qd4 28. Bxf7+ Kg7 29. Rae7 Qf6 30.
Bd5+ Kh8 31. Qe3 g5 32. Bg2 1-0

[Event "Early-Titled-Tuesday-Blitz-April-02-2024"]
[Site "Chess.com"]
[Date "2024.04.02"]
[Round "2"]
[White "Lovetov"]
[Black "MikeSailer"]
[Result "1-0"]
[WhiteElo "2547"]
[BlackElo "2142"]
[TimeControl "180+1"]
[EndTime "8:16:25 PDT"]
[Termination "Lovetov won on time"]

1. Nf3 d5 2. e3 g6 3. c4 c6 4. Nc3 Bg7 5. Qb3 Nf6 6. d4 O-O 7. Be2 a6 8. a4 a5 9. O-O Na6 10.
Ne5 Nb4 11. Bd2 Bf5 12. Rac1 Nd7 13. Nxd7 Qxd7 14. cxd5 cxd5 15. Nb5 Rfc8 16. Bxb4 axb4 17. Qxb4 e5 18. Rxc8+ Rxc8 19. dxe5 Bxe5 20. Nd4 Bxd4 21. Qxd4 Rc2 22. Bd1 Rc4 23. Qb6 Bc2 24. b3 Rc6 25. Qb5 Bxd1 26. Rxd1 Qd6 27. g3 b6 28. Qxd5 Qxd5 29. Rxd5 1-0

[Event "Early-Titled-Tuesday-Blitz-April-02-2024"]
[Site "Chess.com"]
[Date "2024.04.02"]
[Round "2"]
[White "artin10862"]
[Black "Sanyura"]
[Result "1-0"]
[WhiteElo "2926"]
[BlackElo "2620"]
[TimeControl "180+1"]
[EndTime "8:16:26 PDT"]
[Termination "artin10862 won by resignation"]

1. c4 Nf6 2. d4 g6 3. e3 Bg7 4.
Nc3 O-O 5. Nf3 d6 6. Be2 Nbd7 7. O-O e5 8. Qc2 exd4 9. exd4 Re8 10. h3 h6 11. Bd3 Nf8 12. b4 a5 13. b5 Nh5 14.
Rb1 Ne6 15. Be3 Nef4 16. Be4 Rb8 17. Rfe1 Qf6 18. Kh2 Ne6 19. Nd5 Qd8 20. Bxg6 fxg6 21. Qxg6 Nf6 22. Nxf6+ Qxf6 23. Qxe8+ Kh7 24. d5 Nf4 25.
Qe4+ Ng6 26. Bd4 Qf7 27. Nh4 Bxd4 28. Qxd4 Bf5 29. Nxg6 Bxg6 30. Rb3 Rg8 31. Rf3 Qd7 32. Re6 Rg7 33. Rff6 c6 34. dxc6 bxc6 35. Rxd6 Qc7 36. b6 Qe7 37. Rxg6 1-0

[Event "Early-Titled-Tuesday-Blitz-April-02-2024"]
[Site "Chess.com"]
[Date "2024.04.02"]
[Round "2"]
[White "MITerryble"]
[Black "TitarovVasiliYouTube"]
[Result "1-0"]
[WhiteElo "2987"]
[BlackElo "2633"]
[TimeControl "180+1"]
[EndTime "8:16:29 PDT"]
[Termination "MITerryble won by resignation"]

1. d4 d5 2. Bg5 Bf5 3. e3 c6 4. Bd3 Bxd3 5. Qxd3 Nd7 6. Nf3 Ngf6 7. Nbd2 e6 8. O-O Be7 9. c4 O-O 10. Rab1 a5 11. Rfc1 h6 12. Bh4 Re8 13. h3 Qb6 14.
Bg3 Qa6 15. Qf1 Ne4 16. Nxe4 dxe4 17. Nd2 f5 18. c5 Qxf1+ 19. Kxf1 Nf6 20. Nc4 Nd5 21.
Be5 g5 22. Ke2 Rf8 23. f3 Nb4 24. fxe4 Nxa2 25. Rf1 fxe4 26. Nd2 Nb4 27. Nxe4 Nd5 28.
Rxf8+ Rxf8 29. Ra1 Bd8 30. Nd6 b6 31. cxb6 Bxb6 32.
Nc4 Ra8 33. e4 Bd8 34. exd5 cxd5 35. Nd2 a4 36. Nb3 Rc8 37. Nc5 Be7 38. Rxa4 Bxc5 39. dxc5 Rxc5 40. Kd3 Rb5 41. b4 d4 42. Kxd4 Rd5+ 43. Ke4 Rd2 44. g3 Rh2 45. b5 Rxh3 46. b6 1-0

[Event "Early-Titled-Tuesday-Blitz-April-02-2024"]
[Site "Chess.com"]
[Date "2024.04.02"]
[Round "2"]
[White "GM_Levan_Pantsulaia"]
[Black "GP9isback23"]
[Result "1-0"]
[WhiteElo "2885"]
[BlackElo "2601"]
[TimeControl "180+1"]
[EndTime "8:16:32 PDT"]
[Termination "GM_Levan_Pantsulaia won by resignation"]

1. Nf3 Nf6 2. g3 b6 3. Bg2 Bb7 4.
O-O e6 5. c4 Be7 6. d4 O-O 7.
Nc3 Ne4 8. Qc2 Nxc3 9. bxc3 f5 10. d5 Na6 11. Nd4 Nc5 12. Rd1 Qc8 13. Nb3 e5 14.
Ba3 d6 15. Bxc5 dxc5 16. Bh3 g6 17. e4 Ba6 18. Nd2 Qd7 19. Re1 Bd6 20. Nf3 Qf7 21.
exf5 Rae8 22. Ng5 Qf6 23. Ne4 Qf7 24. fxg6 Qxg6 25. Qa4 Bc8 26. Bxc8 Rxc8 27. Kg2 Qf5 28. Qd1 Rf7 29. h3 Rcf8 30. Qg4+ Kh8 31. Qxf5 Rxf5 32.
a4 Rb8 33. a5 b5 34. cxb5 Rxb5 35. Reb1 a6 36. c4 Rb4 37. Rxb4 cxb4 38. c5 Bf8 39.
Rb1 1-0

[Event "Early-Titled-Tuesday-Blitz-April-02-2024"]
[Site "Chess.com"]
[Date "2024.04.02"]
[Round "2"]
[White "ChempionBg"]
[Black "Tonychess32"]
[Result "0-1"]
[WhiteElo "2289"]
[BlackElo "2528"]
[TimeControl "180+1"]
[EndTime "8:16:33 PDT"]
[Termination "Tonychess32 won on time"]

1. d4 d6 2. g3 Nf6 3. Bg2 g6 4. Nc3 Bg7 5. Nf3 Nbd7 6. O-O O-O 7. e4 e5 8. h3 Re8 9. Be3 exd4 10.
Nxd4 Nc5 11. f3 a5 12. Bf2 Bd7 13. a4 b6 14. Qd2 Rb8 15. Rfd1 Qe7 16. Kh2 h5 17.
Ndb5 Bc6 18. Nd4 Bb7 19. Re1 Rbd8 20. Rad1 Qd7 21. b3 Qc8 22. Ndb5 Nfd7 23. Nd5 Bxd5 24. exd5 Nf6 25. Qf4 Nfd7 26. Qd2 Ne5 27. f4 Ned7 28. Rxe8+ Rxe8 29. Re1 Rxe1 30. Qxe1 Na6 31. Qe7 Bf8 0-1

[Event "Early-Titled-Tuesday-Blitz-April-02-2024"]
[Site "Chess.com"]
[Date "2024.04.02"]
[Round "2"]
[White "Harry_Rakkel"]
[Black "Goffredo_Fofi"]
[Result "1-0"]
[WhiteElo "2727"]
[BlackElo "2548"]
[TimeControl "180+1"]
[EndTime "8:16:34 PDT"]
[Termination "Harry_Rakkel won by resignation"]

1. c4 g6 2. Nc3 Bg7 3. d4 d6 4. e4 c5 5. d5 Bxc3+ 6. bxc3 e5 7. h4 h6 8. Bd3 Qe7 9. Ne2 f5 10. h5 f4 11. hxg6 Qf6 12. g3 fxg3 13. Nxg3 Qxg6 14. Rb1 Nd7 15. Be2 Ndf6 16. Qd3 Ne7 17. a4 Kd8 18. a5 h5 19. f3 h4 20. Nf1 h3 21.
Qe3 Nh5 22. Rg1 Qf7 23. Qg5 Nf4 24. Bxf4 exf4 25. Nh2 Rh5 26. Qg7 Qxg7 27. Rxg7 Rb8 28. Kf2 b6 29. Rf7 Rh4 30. Rg1 bxa5 31. Rgg7 Rb7 32. Rf8+ Kd7 33. Bd1 Rb2+ 34. Ke1 a4 35. Bxa4+ Kc7 36. Rxe7+ Kb8 37. Bd7 1-0

[Event "Early-Titled-Tuesday-Blitz-April-02-2024"]
[Site "Chess.com"]
[Date "2024.04.02"]
[Round "2"]
[White "Bob_2004"]
[Black "masnyszachistaaa"]
[Result "0-1"]
[WhiteElo "2349"]
[BlackElo "2606"]
[TimeControl "180+1"]
[EndTime "8:16:34 PDT"]
[Termination "masnyszachistaaa won on time"]

1. d4 d5 2. c4 c6 3. cxd5 cxd5 4. Bg5 Nc6 5. Nc3 Nf6 6. Bxf6 gxf6 7. e3 e6 8. Bd3 h5 9. Nf3 h4 10. h3 Bd6 11. O-O f5 12. Rc1 Bd7 13. Qe2 Rc8 14. a3 Qe7 15. Rc2 Rg8 16. Rfc1 Qf6 17. b4 Rd8 18.
Kh1 Kf8 19. Na4 Nxd4 20. exd4 Bxa4 21. Rc8 Rxc8 22. Rxc8+ Kg7 23. Rc3 Bc6 24. b5 Bd7 25.
Qe3 Rc8 26. Rxc8 Bxc8 27. a4 Bd7 28. Qd2 Qd8 29. Qc3 Be7 0-1

[Event "Early-Titled-Tuesday-Blitz-April-02-2024"]
[Site "Chess.com"]
[Date "2024.04.02"]
[Round "2"]
[White "Saxar85"]
[Black "SharapovEvgeny"]
[Result "1-0"]
[WhiteElo "2738"]
[BlackElo "2553"]
[TimeControl "180+1"]
[EndTime "8:16:35 PDT"]
[Termination "Saxar85 won by resignation"]

1. e4 c5 2. Nf3 d6 3. Bb5+ Bd7 4. c4 Nc6 5. d4 cxd4 6. Nxd4 Nf6 7. Nc3 e6 8. O-O Be7 9. Be3 O-O 10. Rc1 a6 11. Bxc6 Bxc6 12. f3 d5 13. cxd5 exd5 14. e5 Nd7 15. f4 Nc5 16. Qg4 Kh8 17. Nf5 Ne6 18. Rcd1 g6 19. Nxe7 Qxe7 20. Nxd5 Bxd5 21. Rxd5 Rad8 22. Rxd8 Rxd8 23. f5 gxf5 24. Qxf5 Rd7 25. h3 Qh4 26. Kh2 h5 27. Rf3 Nf8 28. Bg5 Qe1 29.
Bf6+ Kg8 30. Rg3+ Ng6 31. Rxg6+ fxg6 32. Qxd7 1-0

[Event "Early-Titled-Tuesday-Blitz-April-02-2024"]
[Site "Chess.com"]
[Date "2024.04.02"]
[Round "2"]
[White "savitha1030"]
[Black "EdmundPlayer"]
[Result "0-1"]
[WhiteElo "2497"]
[BlackElo "2283"]
[TimeControl "180+1"]
[EndTime "8:16:35 PDT"]
[Termination "EdmundPlayer won by resignation"]

1. e4 c6 2. d4 d5 3. Nc3 dxe4 4. Nxe4 Bf5 5. Ng3 Bg6 6. h4 h6 7. Nh3 Nf6 8. Nf4 Bh7 9. c3 e6 10. Bd3 Bxd3 11. Qxd3 Bd6 12. Nfh5 Nxh5 13. Nxh5 O-O 14. g4 e5 15. g5 exd4 16. gxh6 Re8+ 17. Kf1 g6 18.
Rg1 Qxh4 19. Rxg6+ Kh8 20. Be3 dxe3 21. Rf6 Qh3+ 22.
Ke2 Qxh5+ 0-1

[Event "Early-Titled-Tuesday-Blitz-April-02-2024"]
[Site "Chess.com"]
[Date "2024.04.02"]
[Round "2"]
[White "Logman74"]
[Black "Sofia_Blokhin"]
[Result "0-1"]
[WhiteElo "2489"]
[BlackElo "2243"]
[TimeControl "180+1"]
[EndTime "8:16:35 PDT"]
[Termination "Sofia_Blokhin won by checkmate"]

1. e4 c5 2. Nf3 e6 3. d4 cxd4 4. Nxd4 a6 5. Nc3 Qc7 6. g3 Nf6 7.
Bg2 Bb4 8. Ne2 Nc6 9. O-O Bc5 10. h3 O-O 11. Kh2 d6 12. f4 b5 13. a3 Bb7 14.
Qd3 Rad8 15. Be3 Bxe3 16. Qxe3 Na5 17. b3 d5 18. e5 d4 19. Nxd4 Nd5 20. Nxd5 Bxd5 21.
Rad1 Bxg2 22. Kxg2 Nb7 23. Qf3 Rd5 24. Qg4 Rfd8 25.
c3 Qxc3 26. Nxe6 Rd2+ 27. Rf2 Qc6+ 28. Kh2 Rxf2+ 29. Kg1 Qg2# 0-1

[Event "Early-Titled-Tuesday-Blitz-April-02-2024"]
[Site "Chess.com"]
[Date "2024.04.02"]
[Round "2"]
[White "Tejas_Rama"]
[Black "B_nn_t"]
[Result "1-0"]
[WhiteElo "2502"]
[BlackElo "2223"]
[TimeControl "180+1"]
[EndTime "8:16:35 PDT"]
[Termination "Tejas_Rama won by resignation"]

1. d4 Nf6 2. c4 e6 3. Nf3 d5 4.
Nc3 c6 5. e3 Nbd7 6. Qc2 Bd6 7.
b3 O-O 8. Be2 b6 9. O-O Bb7 10.
Bb2 Qe7 11. Rad1 Rad8 12. Rfe1 Rfe8 13. Bf1 e5 14. dxe5 Nxe5 15. Nxe5 Bxe5 16. cxd5 cxd5 17.
Nb5 Bxh2+ 18. Kxh2 Ng4+ 19. Kg3 Qg5 20. f4 Qh5 21.
Bd4 Bc8 22. Bd3 Qh2+ 23. Kf3 Qh5 24. Rh1 Nh2+ 25. Kg3 1-0

[Event "Early-Titled-Tuesday-Blitz-April-02-2024"]
[Site "Chess.com"]
[Date "2024.04.02"]
[Round "2"]
[White "blitzking1729"]
[Black "Let_it_be_1"]
[Result "1-0"]
[WhiteElo "2755"]
[BlackElo "2561"]
[TimeControl "180+1"]
[EndTime "8:16:36 PDT"]
[Termination "blitzking1729 won by resignation"]

1. c4 e6 2. Nc3 d5 3. e3 Nf6 4. Nf3 Be7 5. b3 O-O 6. Bb2 c5 7. cxd5 exd5 8. d4 Nc6 9. Be2 cxd4 10.
Nxd4 Bc5 11. Nxc6 bxc6 12. O-O Bd6 13. Rc1 Bd7 14. Bf3 Re8 15. Re1 Qb8 16. h3 Qb4 17.
Ne2 Ne4 18. Qd4 Qxd4 19. Nxd4 c5 20. Ne2 f5 21. Red1 Be6 22. Nc3 Be5 23. Nxe4 fxe4 24. Bxe5 exf3 25. Rxc5 fxg2 26. Kxg2 Rac8 27. Rdc1 Rxc5 28.
Rxc5 Rc8 29. Ra5 Bf5 30. Rxa7 g6 31. h4 Rc2 32. a4 h5 33. a5 Be4+ 34. Kg3 Rc1 35.
f3 Bd3 36. a6 Rb1 37. Rg7+ Kf8 38. a7 1-0

[Event "Early-Titled-Tuesday-Blitz-April-02-2024"]
[Site "Chess.com"]
[Date "2024.04.02"]
[Round "2"]
[White "dropstoneDP"]
[Black "yuriydovzik"]
[Result "1-0"]
[WhiteElo "3009"]
[BlackElo "2123"]
[TimeControl "180+1"]
[EndTime "8:16:37 PDT"]
[Termination "dropstoneDP won on time"]

1. e4 c6 2. d4 Na6 3. Nf3 g6 4. c3 Nc7 5. Bd3 d5 6. Nbd2 Bg7 7. h3 Nf6 8. e5 Nd7 9. h4 h5 10. Nf1 Nf8 11. Ne3 Nce6 12. g3 Qc7 13. Bd2 Bd7 14. a4 Nh7 15. a5 O-O 16. Bc2 b6 17. a6 Rad8 18. Qe2 Bc8 19. Bd3 c5 20. Bb5 c4 21.
Ng2 Bd7 22. Bxd7 Qxd7 23. O-O Nc7 24. Nf4 Qb5 25. e6 Rd6 26. exf7+ Rxf7 27. Ne5 Bxe5 28. dxe5 Rc6 29. Be3 Nf8 30. Rfd1 e6 31. Qd2 Nxa6 32.
Ne2 1-0

[Event "Early-Titled-Tuesday-Blitz-April-02-2024"]
[Site "Chess.com"]
[Date "2024.04.02"]
[Round "2"]
[White "KATPAH"]
[Black "Darkdefense15"]
[Result "1-0"]
[WhiteElo "2675"]
[BlackElo "2312"]
[TimeControl "180+1"]
[EndTime "8:16:38 PDT"]
[Termination "KATPAH won by resignation"]

1. e4 c5 2. d4 cxd4 3. c3 Nf6 4. e5 Nd5 5. Bc4 Nb6 6. Bb3 d6 7. exd6 e6 8. cxd4 Qxd6 9. Nf3 Bd7 10. O-O Bc6 11. Ne5 N8d7 12. Bf4 Nxe5 13. dxe5 Qxd1 14.
Rxd1 Be7 15. Nd2 O-O 16. Rac1 Nd5 17. Bg3 Nb6 18. Nf3 Bxf3 19. gxf3 Rac8 20. f4 g6 21. f3 Bc5+ 22. Bf2 Bxf2+ 23. Kxf2 Rfd8 24. Rxc8 Rxc8 25. Kg3 Kf8 26. Kg4 h5+ 27. Kg5 Kg7 28. a4 Rc5 29. Kh4 Ra5 30. Rd4 Rc5 31. Kg3 Rc1 32. a5 Nc8 33. Rd7 b6 34. Bxe6 bxa5 35.
Rxf7+ Kh8 36. Rf8+ Kg7 37. Rxc8 1-0

[Event "Early-Titled-Tuesday-Blitz-April-02-2024"]
[Site "Chess.com"]
[Date "2024.04.02"]
[Round "2"]
[White "JRenatoMaranhao"]
[Black "agvania123"]
[Result "0-1"]
[WhiteElo "1945"]
[BlackElo "2420"]
[TimeControl "180+1"]
[EndTime "8:16:40 PDT"]
[Termination "agvania123 won on time"]

1. e4 d5 2. exd5 Qxd5 3. Nc3 Qd8 4. d4 Nf6 5. Be2 c6 6. Bg5 Bf5 7. Nf3 h6 8. Bxf6 exf6 9. O-O Bb4 10. h3 O-O 11. Bd3 Bxd3 12. Qxd3 Bxc3 13. Qxc3 Nd7 14. g3 Nb6 15. Kg2 Qd5 16. a4 Rfe8 17. a5 Nc4 18.
Qb3 Re7 19. Ra4 Nd6 20. Qxd5 cxd5 21. Rb4 Rc8 22. c3 Rc4 23. Rxc4 Nxc4 24. b4 Re2 25. Re1 Ne3+ 26. Kg1 Rxe1+ 27. Nxe1 Nd1 28. c4 dxc4 29. Nc2 Nc3 0-1

[Event "Early-Titled-Tuesday-Blitz-April-02-2024"]
[Site "Chess.com"]
[Date "2024.04.02"]
[Round "2"]
[White "atalz0"]
[Black "Gennady_Kozlov"]
[Result "0-1"]
[WhiteElo "2366"]
[BlackElo "2620"]
[TimeControl "180+1"]
[EndTime "8:16:41 PDT"]
[Termination "Gennady_Kozlov won by resignation"]

1. d4 e6 2. c4 b6 3. e4 Bb7 4. Bd3 Bb4+ 5. Bd2 Bxd2+ 6. Nxd2 f5 7. Ngf3 f4 8. O-O Nf6 9. e5 Ng4 10. h3 Nh6 11. Be4 Bxe4 12. Nxe4 Nc6 13. d5 Ne7 14. d6 Nef5 15. Qd2 cxd6 16. exd6 O-O 17. Rad1 Nh4 18.
Ne5 Rf5 19. Qc3 Rc8 20. Rfe1 f3 21. g3 Ng2 22. Rf1 b5 23. b3 bxc4 24. bxc4 Nf4 25.
gxf4 Rxf4 26. Ng3 Qh4 27. Nxf3 Qxh3 28. Nh2 Rh4 29. Nf3 Rf8 30. Nxh4 Ng4 31. Rfe1 Qh2+ 0-1

[Event "Early-Titled-Tuesday-Blitz-April-02-2024"]
[Site "Chess.com"]
[Date "2024.04.02"]
[Round "2"]
[White "ExtremeLearner"]
[Black "Lukianoo"]
[Result "0-1"]
[WhiteElo "2576"]
[BlackElo "2807"]
[TimeControl "180+1"]
[EndTime "8:16:44 PDT"]
[Termination "Lukianoo won by resignation"]

1. Nf3 Nf6 2. g3 b5 3. Bg2 Bb7 4. O-O c5 5. d3 d5 6. Nbd2 e6 7. Re1 Be7 8. b3 O-O 9. Bb2 Nc6 10. Ne5 Qb6 11. Nxc6 Bxc6 12. e4 d4 13. a4 a6 14.
f4 Nd7 15. Qe2 e5 16. a5 Qb8 17. f5 Bg5 18. Nf1 c4 19. h4 Bh6 20. g4 Bf4 21. Bc1 cxb3 22. cxb3 b4 23. Nd2 Nc5 24.
Nc4 Bxc1 25. Raxc1 Nxb3 26. Rb1 Nc5 27. Nb6 Bb5 28.
Red1 b3 29. g5 Qd6 30. f6 gxf6 31. Nd5 fxg5 32. hxg5 Qg6 33. Bh3 Qxg5+ 34. Kh2 Kh8 35. Rg1 Bxd3 36. Qxd3 Qxg1+ 37. Rxg1 Nxd3 38. Rg3 b2 39.
Rxd3 b1=Q 0-1

[Event "Early-Titled-Tuesday-Blitz-April-02-2024"]
[Site "Chess.com"]
[Date "2024.04.02"]
[Round "2"]
[White "MaxLeto"]
[Black "cmunda"]
[Result "1-0"]
[WhiteElo "2478"]
[BlackElo "2174"]
[TimeControl "180+1"]
[EndTime "8:16:44 PDT"]
[Termination "MaxLeto won by resignation"]

1. g4 e5 2. Bg2 Nc6 3. c4 d6 4. h3 f5 5. Nc3 g6 6. e3 Bg7 7. d3 Nge7 8. Qe2 O-O 9. gxf5 Nxf5 10. Nf3 Nh4 11. Nxh4 Qxh4 12. Bd2 Bd7 13. Ne4 a5 14.
O-O-O a4 15. Kb1 a3 16. b3 Rab8 17. Bc1 b5 18. Bxa3 bxc4 19. dxc4 Ra8 20. Bb2 Ra7 21.
Ng3 Rb8 22. a3 Na5 23. b4 Bc6 24. Bxc6 Nxc6 25. Qg4 Qf6 26. Ne4 Qe7 27. h4 Qf7 28. h5 Qxc4 29. Nf6+ Bxf6 30. Qxc4+ Kg7 31. Qxc6 1-0

[Event "Early-Titled-Tuesday-Blitz-April-02-2024"]
[Site "Chess.com"]
[Date "2024.04.02"]
[Round "2"]
[White "NikitaShnadrygin"]
[Black "wild3000"]
[Result "1-0"]
[WhiteElo "2685"]
[BlackElo "2372"]
[TimeControl "180+1"]
[EndTime "8:16:45 PDT"]
[Termination "NikitaShnadrygin won on time"]

1. e4 e6 2. d4 a6 3. g3 b5 4.
Bg2 Bb7 5. Ne2 Nf6 6. d5 Bc5 7. O-O O-O 8. Nbc3 exd5 9. exd5 Re8 10. Bg5 h6 11. Bxf6 Qxf6 12. Ne4 Qe7 13. Nf4 Bb6 14.
d6 Qd8 15. Nd5 Bxd5 16. Qxd5 Nc6 17. Rad1 Re5 18. dxc7 Qxc7 19. Qxd7 Qxd7 20. Rxd7 Rae8 21. Nd6 R8e7 22. Bxc6 Rxd7 23. Bxd7 Rd5 24. Nc8 Bd4 25. Ne7+ 1-0

[Event "Early-Titled-Tuesday-Blitz-April-02-2024"]
[Site "Chess.com"]
[Date "2024.04.02"]
[Round "2"]
[White "NovoselovRoman"]
[Black "Zhigalko_Sergei"]
[Result "0-1"]
[WhiteElo "2599"]
[BlackElo "2875"]
[TimeControl "180+1"]
[EndTime "8:16:46 PDT"]
[Termination "Zhigalko_Sergei won by resignation"]

1. e4 c5 2. Nc3 Nc6 3. g3 g6 4. Bg2 Bg7 5. d3 Rb8 6. a4 a6 7. Be3 d6 8. Nf3 Bg4 9. h3 Bxf3 10. Bxf3 Nf6 11. O-O O-O 12. Qd2 b5 13. axb5 axb5 14.
Ne2 b4 15. Bh6 Bxh6 16. Qxh6 Nd4 17. Nxd4 cxd4 18. h4 b3 19. cxb3 Rxb3 20. Rfd1 Rxb2 21. h5 Qc8 22. Rac1 Qh3 23. Rc7 Ng4 24. Bxg4 Qxg4 25.
Rd2 Rb5 26. hxg6 hxg6 27. Rxe7 Ra8 28. Qh1 Rb1+ 29. Kg2 Rxh1 30. Kxh1 Qh3+ 0-1